 Dungeon Crawl Stone Soup version 0.30-a0-1116-gebefce21f7 (webtiles) character file.

Game seed: 1492863637176360633

282 jasper the Magician (level 6, -3/28 HPs)
             Began as a Spriggan Conjurer on Apr 21, 2023.
             Killed by divine providence
             ... invoked by an orc priest
              (12 damage)
             ... on level 5 of the Dungeon.
             The game lasted 00:07:12 (3725 turns).

jasper the Magician (Spriggan Conjurer)             Turns: 3725, Time: 00:07:13

Health: -3/28      AC:  3    Str:  8    XL:     6   Next: 6%
Magic:  11/14      EV: 17    Int: 21    God:
Gold:   227        SH:  5    Dex: 19    Spells: 4/15 levels left

rFire   + . .      SeeInvis +    q - +7 whip "Kovech" {flame, Str+5 Dex+5}
rCold   . . .      Faith    .    (no shield)
rNeg    . . .      Spirit   .    a - +1 robe
rPois   +          Reflect  +    d - +0 hat of Lomisonk {rPois}
rElec   .          Rampage  .    (no cloak)
rCorr   .                        (gloves unavailable)
Will    +....                    (boots unavailable)
Stlth   +++                      t - amulet of reflection
HPRegen 0.24/turn                u - ring of protection from fire
MPRegen 0.14/turn                (no ring)

@: very quick
A: very small, no large weapons, unfitting armour, see invisible, speed 3
a: no special abilities


You were on level 5 of the Dungeon.
You visited 1 branch of the dungeon, and saw 5 of its levels.

You collected 227 gold pieces.

Inventory:

Hand Weapons
 i - a +1 dagger of draining
 k - a +1 dagger of electrocution
 q - the +7 whip "Kovech" (weapon) {flame, Str+5 Dex+5}
   (You found it on level 3 of the Dungeon)

   Str:       It affects your strength (+5).
   Dex:       It affects your dexterity (+5).
Missiles
 g - 3 poisoned darts
Armour
 a - a +1 robe (worn)
 d - the +0 hat of Lomisonk (worn) {rPois}
   (You acquired it on level 1 of the Dungeon)

   rPois:     It protects you from poison.
Jewellery
 t - an amulet of reflection (around neck)
 u - a ring of protection from fire (left hand)
Wands
 s - a wand of roots (7)
Scrolls
 f - a scroll of enchant armour
 h - a scroll of silence {unknown}
 j - 3 scrolls of enchant weapon {unknown}
 l - a scroll of teleportation
 m - a scroll of magic mapping {unknown}
 o - a scroll of noise {unknown}
 p - a scroll of fog {unknown}
 r - 2 scrolls of fear
 v - a scroll of butterflies {unknown}
Potions
 b - a potion of magic
 c - a potion of haste
 e - 3 potions of flight {unknown}
 n - 3 potions of curing {unknown}


   Skills:
 - Level 2.6 Dodging
 - Level 3.0 Stealth
 + Level 5.1 Spellcasting
 + Level 4.0 Conjurations
 + Level 2.4 Hexes
 + Level 3.0 Translocations


You had 4 spell levels left.
You knew the following spells:

 Your Spells              Type           Power      Damage    Failure   Level
a - Magic Dart            Conj           88%        1d7       1%          1
b - Searing Ray           Conj           44%        2d6       3%          2
c - Fulminant Prism       Conj/Hex       9%         3d7       28%         4
d - Iskenderun's Mystic   Conj/Tloc      20%        2d6       24%         4

Your spell library contained the following spells:

 Spells                   Type           Power      Damage    Failure   Level
 Static Discharge         Conj/Air       26%        2-4/arc   7%          2
 Dazzling Flash           Conj/Hex       38%        N/A       9%          3
 Gell's Gravitas          Tloc           18%        N/A       10%         3
 Teleport Other           Tloc           18%        N/A       10%         3
 Hailstorm                Conj/Ice       13%        3d5       14%         3
 Airstrike                Air            2%         2d(1-17)  71%         4
 Ice Form                 Ice/Tmut       5%         N/A       71%         4
 Summon Lightning Spire   Summ/Air       5%         N/A       71%         4
 Dispersal                Tloc           9%         N/A       99%         6
 Simulacrum               Ice/Necr       2%         N/A       100%        6


Dungeon Overview and Level Annotations

Branches:
Dungeon (5/15)
 Temple: D:4-7

Altars:
Fedhas

Shops:
D:3 (

Annotations:
D:3 Grinder
D:5 Ijyb


Innate Abilities, Weirdness & Mutations

You are very small and have problems with some larger weapons.
You are too small for most types of armour.
You have supernaturally acute eyesight. (SInv)
You cover ground extremely quickly. (Speed+++)


Message History

The grasping roots constrict the orc priest.
You kill the orc priest!
Your Translocations skill increases to level 3!
You have reached level 6!
You regained 2 hp, and now have 10/28 hp.
j - 3 scrolls labelled GOBARI QODUCW (gained 1)
There is a stone staircase leading down here.
You see here a +1 morningstar of draining.
You start resting.
Magic restored.
You regained 15 hp, and now have 26/28 hp.
MP restored: 14 You start resting.
HP restored.
Health restored: 28
Casting: Iskenderun's Mystic Blast (extremely dangerous; 24% risk of failure)
Confirm with . or Enter, or press ? or * to list all spells.
Okay, then.
You climb downwards.
Level annotation: Ijyb The orc priest invokes the aid of Beogh against you.
Beogh smites you!
There is a stone staircase leading up here.
You take 9 damage, and have 19/28 hp.
MASSIVE DAMAGE!!
Casting: Iskenderun's Mystic Blast (extremely dangerous; 24% risk of failure)
Confirm with . or Enter, or press ? or * to list all spells.
Aiming: Searing Ray (safe; 3% risk of failure)
Press: ? - help, Shift-Dir - straight line, f - orc priest
Aim: an orc priest, wielding a +0 flail (moderately wounded, 78% to hit)
The searing ray hits the orc priest.
The orc priest is heavily wounded. (Press . to maintain the ray.)
The orc priest mumbles some strange prayers to Beogh against you.
Beogh smites you!
You take 10 damage, and have 9/28 hp.
MASSIVE DAMAGE!!
You now have 12/14 mp.
The searing ray hits the orc priest.
The orc priest is severely wounded.
The orc priest invokes the aid of Beogh against you.
Beogh smites you!
You die...

## ###
##..#.##
#...[@.#
#..#..?.#
#..###
.o.# ....
...###
... ..


You could see an orc priest.

Vanquished Creatures
  A hound (D:4)
  3 orc priests
  A sleepcap (D:4)
  An orc wizard (D:5)
  6 adders
  2 dart slugs (D:1)
  6 orcs (D:5)
  4 ball pythons
  3 bats
  2 endoplasms
  2 giant cockroaches (D:2)
  3 goblins
  4 hobgoblins
  3 quokkas
  7 frilled lizards
  3 kobolds
  7 rats
58 creatures vanquished.

Vanquished Creatures (others)
  A fulminant prism (D:5)
1 creature vanquished.

Grand Total: 59 creatures vanquished

Notes
Turn   | Place    | Note
-------+----------+-------------------------------------------
     0 | D:1      | jasper the Spriggan Conjurer began the quest for the Orb.
     0 | D:1      | Reached XP level 1. HP: 9/9 MP: 5/5
   150 | D:1      | Reached skill level 3 in Spellcasting
   228 | D:1      | Reached XP level 2. HP: 13/13 MP: 5/7
   963 | D:1      | Identified a scroll of acquirement
   965 | D:1      | Acquired the +0 hat of Lomisonk {rPois}
  1077 | D:2      | Learned a level 2 spell: Searing Ray
  1322 | D:2      | Reached XP level 3. HP: 16/16 MP: 0/9
  1945 | D:2      | Reached skill level 4 in Spellcasting
  2228 | D:3      | Identified the +7 whip "Kovech" {flame, Str+5 Dex+5}
  2292 | D:3      | Found Kemoeript's Weapon Boutique.
  2336 | D:3      | Reached XP level 4. HP: 21/21 MP: 8/11
  2388 | D:3      | Noticed Grinder
  2406 | D:3      | Paralysed by Grinder for 4 turns
  2513 | D:4      | Learned a level 4 spell: Fulminant Prism
  2518 | D:4      | Learned a level 4 spell: Iskenderun's Mystic Blast
  2641 | D:4      | Reached skill level 1 in Hexes
  2641 | D:4      | Reached skill level 1 in Translocations
  2723 | D:4      | Identified the +0 dagger of Trauma {freeze, Stlth+}
  2958 | D:4      | Reached XP level 5. HP: 24/24 MP: 0/12
  3059 | D:4      | Found a blossoming altar of Fedhas.
  3143 | D:5      | Entered Level 5 of the Dungeon
  3185 | D:5      | Noticed Ijyb
  3537 | D:5      | Reached skill level 5 in Spellcasting
  3647 | D:4      | Reached XP level 6. HP: 10/28 MP: 4/14
  3725 | D:5      | Killed from afar by an orc priest

Illustrated notes

Levels and vault maps discovered:
D:1:      zelgadis_glass_arrival_small, layout_loops_ring,
          minmay_misc_feat_encased
D:2:      layout_basic, serial_glass, glass_columns_c, glass_columns_b,
          glass_columns_c, glass_columns_b, glass_columns_b, glass_columns_a,
          glass_columns_b, glass_columns_a, glass_columns_a, glass_columns_a,
          glass_columns_a, glass_columns_a, glass_columns_c, glass_columns_b,
          corexii_corridor_pit
D:3:      layout_basic, serial_shops, nicolae_shop_hallway_plus, uniq_grinder
D:4:      layout_cave_pools, kennysheep_mini_moat, minmay_misc_feat_cross
D:5:      layout_cave_pools, uniq_ijyb

Skill      XL: |  1  2  3  4  5 |
---------------+----------------+-----
Conjurations   | 3 4 |  4.0
Spellcasting   | 3 4 5 |  5.1
Hexes          | 1 2 |  2.4
Translocations | 1 3 |  3.0
Dodging        | |  2.6
Stealth        | |  3.0

Action                     |  1- 3 |  4- 6 || total
---------------------------+-------+-------++-------
  Melee: Whip              |       |     2 ||     2
   Cast: Magic Dart        |    74 |    39 ||   113
         Searing Ray       |     2 |    12 ||    14
         Iskenderun's Myst |       |     2 ||     2
         Fulminant Prism   |       |     1 ||     1
  Evoke: Wand              |       |     2 ||     2
    Use: Scroll            |     7 |       ||     7
 Armour: Robe              |     1 |     4 ||     5
  Dodge: Dodged            |     7 |     8 ||    15

Table legend: (Time is in decaauts)
 A = Elapsed time spent in this place.
 B = Non-inter-level travel time spent in this place.
 C = Inter-level travel time spent in this place.
 D = Time resting spent in this place.
 E = Time spent auto-exploring this place.
 F = Levels seen in this place.
 G = Mean time per level.
                   A        B        C        D        E       F      G
               +--------+--------+--------+--------+--------+-----+--------+
         Total |   2941 |   2863 |     78 |    404 |   2103 |   5 |  588.2 |
       Dungeon |   2941 |   2863 |     78 |    404 |   2103 |   5 |  588.2 |
               +--------+--------+--------+--------+--------+-----+--------+

Top non-repeatable levels by time:
     D:4: 931 daAuts
     D:2: 923 daAuts
     D:1: 733 daAuts
     D:5: 179 daAuts
     D:3: 172 daAuts
